cohdb
Replays
Latest Replays
All Replays
Popular Replays
Top Player Replays
Match Explorer
How It Works
Community
CoH3 Stats
Reddit
Sign in to upload your games and track your stats! →
Sign in with Steam
Match 46431268
Unlisted
Match 46431268
Overview
Messages
Build Orders
End
Construct Section Command Post
Dingo Light Scout Car
Infantry Section
Vickers Machine Gun Team
Infantry Section
Construct Platoon Command Post
Unlock Bishop Self-propelled Artillery
Infantry Section
Bishop Self-propelled Artillery
6-pounder Anti-tank Gun Team
6-pounder Anti-tank Gun Team
6-pounder Anti-tank Gun Team
Selects Canadian Shock Battlegroup
Selects Canadian Shock Battlegroup
Selects Burnout
Selects Pyrotechnics
AI Takeover
C. Troy
[Fs] SaNgar
~TAB~ THUND3RCHUNKY
P3prime
0
0
Comments
sign in to comment!
No comments posted yet!